 Dungeon Crawl Stone Soup version 0.32-a0-422-g28b100f618 (webtiles) character file.

Game seed: 6178082393066472371

179 dialectric the Changeling (level 5, 0/50 HPs)
             Began as a Troll Shapeshifter on Feb 21, 2024.
             Slain by a gnoll
             ... wielding a +3 spear
             ... led by a gnoll bouda
              (3 damage)
             ... on level 4 of the Dungeon.
             The game lasted 00:02:25 (2701 turns).

dialectric the Changeling (Troll Shapeshifter)      Turns: 2701, Time: 00:02:26

Health: 0/50       AC:  4    Str: 24    XL:     5   Next: 32%
Magic:  4/4        EV: 10    Int:  6    God:
Gold:   246        SH:  0    Dex:  9    Spells: 4/4 levels left

rFire   . .          .
                       - Unarmed
rCold   . . .        (no shield)
rNeg    . . .        a - +0 animal skin
rPois   .            (helmet currently unavailable)
rElec   .            (cloak currently unavailable)
rCorr   .            (gloves unavailable)
SInv    .            (boots unavailable)
Will    .....        (no amulet)
Stlth   +            (no ring)
HPRegen 1.08/turn    (no ring)
MPRegen 0.09/turn

%: no passive effects
@: beast-form, weakened
A: beast (slay +2), large, unfitting armour, claws 3, regeneration 1, shaggy fur
1, tough skin 1
a: Begin Untransformation


You were on level 4 of the Dungeon.
You were a hulking beast.
You visited 1 branch of the dungeon, and saw 4 of its levels.

You collected 246 gold pieces.

Inventory:

Hand Weapons
 q - a +0 morningstar
Missiles
 g - 2 silver javelins (quivered)
Armour
 a - a +0 animal skin (worn)
 n - a +0 plate armour
 w - a scarf of repulsion
Jewellery
 p - a ring of see invisible
 s - an amulet of reflection
Talismans
 c - a beast talisman (active)
 d - a flux talisman
Wands
 k - a wand of paralysis (3)
Scrolls
 e - 3 scrolls of torment
 f - 5 scrolls of teleportation {unknown}
 h - a scroll of immolation {unknown}
 i - 2 scrolls of enchant armour {unknown}
 l - a scroll of vulnerability {unknown}
 m - 2 scrolls of identify {unknown}
 r - 2 scrolls of enchant weapon {unknown}
 t - a scroll of poison {unknown}
 v - a scroll of amnesia {unknown}
Potions
 b - a potion of lignification
 j - 3 potions of brilliance {unknown}
 o - 3 potions of curing {unknown}
 u - a potion of heal wounds {unknown}


   Skills:
 + Level 2.5 Fighting
 + Level 2.9 Dodging
 - Level 3.0 Unarmed Combat
 + Level 4.0 Shapeshifting


You had 4 spell levels left.
You didn't know any spells.
Your spell library contained the following spells:

 Spells                   Type           Power      Damage    Failure   Level
 Kiss of Death            Conj/Necr      0%         2d5       45%         1
 Necrotise                Necr           0%         1d4       45%         1
 Lesser Beckoning         Tloc           0%         N/A       58%         2
 Static Discharge         Conj/Air       0%         3-3/arc   58%         2
 Confusing Touch          Hex            0%         N/A       83%         3
 Gell's Gravitas          Tloc           0%         N/A       83%         3
 Teleport Other           Tloc           0%         N/A       83%         3
 Vampiric Draining        Necr           0%         2d6       83%         3
 Airstrike                Air            0%         2d(0-16)  99%         4
 Dispel Undead            Necr           0%         3d6       99%         4
 Martyr's Knell           Necr/Summ      0%         N/A       99%         4
 Summon Lightning Spire   Summ/Air       0%         N/A       99%         4
 Curse of Agony           Necr           0%         N/A       100%        5


Dungeon Overview and Level Annotations

Branches:
Dungeon (4/15)
 Temple: D:4-7

Altars:


Innate Abilities, Weirdness & Mutations

You are a hulking beast.
Your limbs bulge with bestial killing power. (Slay +2)
You are too large for most types of armour.
You have claws for hands.
Your natural rate of healing is unusually fast.
You are covered in fur. (AC +1)
You have tough skin. (AC +1)


Message History

Key pressed, stopping travel.
Unknown command.
No target in view!
A gnoll comes into view. It is wielding a +0 halberd.
You see here 14 gold pieces.
A gnoll is nearby!
A gnoll bouda comes into view. It is wielding a +0 club.
The gnoll bouda shouts!
The gnoll bouda barks out a call to the hunt!
The gnoll picks up the pace!
A gnoll comes into view. It is wielding a +3 spear.
There are monsters nearby! 2 gnolls come into view.
The gnoll shouts! x2
The gnoll hits you from afar with a +0 halberd.
You see here 10 gold pieces.
The gnoll shouts!
The gnoll bouda gazes fiercely through you!
You feel your attacks grow feeble. The gnoll barely misses you.
Unknown command.
The gnoll hits you from afar with a +0 halberd!
You see here 10 gold pieces.
The gnoll attacks as it pursues you! The gnoll hits you with a +0 whip.
You see here 14 gold pieces.
The gnoll attacks as it pursues you!
The gnoll hits you from afar with a +3 spear!
The gnoll attacks as it pursues you! The gnoll hits you with a +0 whip!
The gnoll bouda gazes fiercely through you!
You feel as though you will be weak longer.
The gnoll hits you from afar with a +3 spear.
The gnoll attacks as it pursues you! The gnoll hits you with a +0 whip.
* * * LOW HITPOINT WARNING * * *
There is a stone staircase leading up, spattered with blood here.
The gnoll hits you from afar with a +0 halberd!
* * * LOW HITPOINT WARNING * * *
The gnoll hits you with a +0 whip.
* * * LOW HITPOINT WARNING * * *
The gnoll hits you from afar with a +3 spear.
You die...

#...... ####.....
#.......# ###
........# #...
........# ....
.......$#######..#
........g....#..####
.........gg.g...)...
####....##g.h.#####
#.......##..#
#..####### #....
...# ####(. ..# #.


You could see a gnoll bouda and 4 gnolls.

Vanquished Creatures
  A gnoll (D:3)
  5 adders
  A ribbon worm (D:3)
  7 orcs (D:3)
  6 ball pythons
  5 bats
  9 endoplasms
  4 giant cockroaches
  6 goblins
  2 hobgoblins (D:1)
  A jackal (D:3)
  2 quokkas
  2 frilled lizards (D:1)
  6 kobolds
  9 rats
66 creatures vanquished.

Notes
Turn   | Place    | Note
-------+----------+-------------------------------------------
     0 | D:1      | dialectric the Troll Shapeshifter began the quest for the
                  | Orb.
     0 | D:1      | Reached XP level 1. HP: 18/18 MP: 0/0
    56 | D:1      | Reached skill level 1 in Fighting
    94 | D:1      | Reached XP level 2. HP: 27/27 MP: 1/1
   605 | D:1      | Reached XP level 3. HP: 33/33 MP: 2/2
  1411 | D:2      | Reached XP level 4. HP: 42/42 MP: 3/3
  1932 | D:3      | Found a faded altar of an unknown god.
  2218 | D:3      | Reached XP level 5. HP: 50/50 MP: 4/4
  2310 | D:3      | Reached skill level 4 in Shapeshifting
  2701 | D:4      | Slain by a gnoll

Illustrated notes

Levels and vault maps discovered:
D:1:      dpeg_arrival_pond, layout_loops_corners, minivault_24
D:2:      layout_basic
D:3:      minmay_bubble_buster, layout_loops_cross,
          chequers_ecumenical_altar_twisty, minmay_gold_behind_fungi
D:4:      layout_rooms, grunt_qazlal_sundering, nicolae_underground_beach,
          uniq_blork_the_orc

Skill      XL: |  1  2  3  4  5 |
---------------+----------------+-----
Fighting       | 1 2 |  2.5
Dodging        | 2 |  2.9
Shapeshifting  | 4 |  4.0
Unarmed Combat | |  3.0

Action                     |  1- 3 |  4- 6 || total
---------------------------+-------+-------++-------
  Melee: Unarmed           |    75 |    66 ||   141
         Punch             |     1 |       ||     1
    Use: Scroll            |       |     1 ||     1
   Stab: Sleeping          |     1 |     2 ||     3
 Armour: Animal skin       |    43 |    33 ||    76
  Dodge: Dodged            |    37 |    33 ||    70

Table legend: (Time is in decaauts)
 A = Elapsed time spent in this place.
 B = Non-inter-level travel time spent in this place.
 C = Inter-level travel time spent in this place.
 D = Time resting spent in this place.
 E = Time spent auto-exploring this place.
 F = Levels seen in this place.
 G = Mean time per level.
                   A        B        C        D        E       F      G
               +--------+--------+--------+--------+--------+-----+--------+
         Total |   2690 |   2531 |    159 |      0 |   2149 |   4 |  672.5 |
       Dungeon |   2690 |   2531 |    159 |      0 |   2149 |   4 |  672.5 |
               +--------+--------+--------+--------+--------+-----+--------+

Top non-repeatable levels by time:
     D:3: 983 daAuts
     D:2: 887 daAuts
     D:1: 806 daAuts
     D:4: 12 daAuts
